 Dungeon Crawl Stone Soup version 0.31-a0-986-g5e6e4ef867 (webtiles) character file.

Game seed: 7239584195390487137

1165 mattiecakes the Chopper (level 8, -1/49 HPs)
             Began as a Gargoyle Reaver on Nov 6, 2023.
             Was a Priest of Okawaru.
             Engulfed by a steam dragon's steam (6 damage)
             ... on level 6 of the Dungeon.
             The game lasted 00:13:50 (4505 turns).

mattiecakes the Chopper (Gargoyle Reaver)           Turns: 4505, Time: 00:13:50

Health: -1/49      AC: 13    Str: 18    XL:     8   Next: 40%
Magic:  11/11      EV:  9    Int: 14    God:    Okawaru [***...]
Gold:   337        SH:  0    Dex:  8    Spells: 10/11 levels left

rFire   . . .        i - +1 war axe
rCold   . . .        (no shield)
rNeg    + . .        a - +0 scale mail
rPois   ∞            (no helmet)
rElec   +            (no cloak)
rCorr   .            h - +1 pair of gloves
SInv    .            (no boots)
Will    .....        (no amulet) Stlth
                     (no ring)
HPRegen 0.28/turn    (no ring)
MPRegen 0.12/turn

%: no passive effects
@: no status effects
A: sickness immunity, AC +5, negative energy resistance 1, electricity
resistance, torment resistance 1, petrification resistance
a: Renounce Religion, Heroism


You were on level 6 of the Dungeon.
You worshipped Okawaru.
Okawaru was most pleased with you.
You visited 1 branch of the dungeon, and saw 6 of its levels.

You collected 337 gold pieces.

Inventory:

Hand Weapons
 i - a +1 war axe (weapon)
Armour
 a - a +0 scale mail (worn)
 h - a +1 pair of gloves (worn)
 o - a +0 tower shield
Wands
 m - a wand of digging (6)
 n - a wand of flame (27)
Scrolls
 b - 2 scrolls of identify
 c - a scroll of silence
 e - 6 scrolls of teleportation
 k - a scroll of fear
 l - 3 scrolls of enchant weapon
 q - a scroll of immolation {unknown}
Potions
 d - a potion of brilliance
 f - 2 potions of ambrosia
 g - 2 potions of mutation {unknown}
 j - 2 potions of magic {unknown}
 p - 2 potions of curing {unknown}


   Skills:
 + Level 5.0 Fighting
 + Level 7.1 Axes
 + Level 1.0 Armour
 - Level 1.5 Dodging
 - Level 2.0 Spellcasting
 - Level 3.2 Conjurations
 - Level 5.2 Invocations


You had 10 spell levels left.
You knew the following spells:

 Your Spells              Type           Power      Damage    Failure   Level
a - Kiss of Death         Conj/Necr      24%        2d7       38%         1

Your spell library contained the following spells:

 Spells                   Type           Power      Damage    Failure   Level
 Magic Dart               Conj           40%        1d5       21%         1
 Momentum Strike          Conj/Tloc      12%        3d8       52%         2
 Hailstorm                Conj/Ice       6%         3d4       77%         3
 Mephitic Cloud           Conj/Pois/Air  4%         N/A       83%         3
 Call Imp                 Summ           Unusable   N/A       N/A         2

Dungeon Overview and Level Annotations

Branches:
Dungeon (6/15)
 Temple: D:4-7

Altars:
Nemelex Xobeh
Okawaru
Trog
Wu Jian


Innate Abilities, Weirdness & Mutations

You are immune to sickness and miasma.
Your stone body is resilient. (AC +5)
You are immune to poison.
You resist negative energy. (rN+)
You are resistant to electric shocks. (rElec)
You are resistant to unholy torment.
You are immune to petrification.


Message History

You barely miss the steam dragon. The steam dragon bites you.
The steam dragon barely misses you.
You closely miss the steam dragon. The steam dragon bites you.
The steam dragon claws you but does no damage.
You barely miss the steam dragon. The steam dragon breathes steam at you.
The ball of steam hits you but does no damage.
You hear an angry hiss.
You slash the steam dragon!
The steam dragon is moderately wounded.
You are engulfed in a cloud of scalding steam.
The steam dragon barely misses you.
The steam dragon claws you but does no damage.
You closely miss the steam dragon.
The steam dragon is moderately wounded.
You are engulfed in a cloud of scalding steam.
The steam dragon bites you but does no damage.
The steam dragon claws you.
You hit the steam dragon but do no damage.
The steam dragon is moderately wounded.
You are engulfed in a cloud of scalding steam.
The steam dragon bites you.
The steam dragon claws you but does no damage.
You closely miss the steam dragon.
The steam dragon is moderately wounded.
The steam dragon bites you!
The steam dragon claws you but does no damage.
The steam dragon bites you but does no damage.
The steam dragon closely misses you.
You are too injured to fight recklessly!
You are too injured to fight recklessly!
You slash the steam dragon!
The steam dragon is heavily wounded.
The steam dragon breathes steam at you. The ball of steam hits you!
* * * LOW HITPOINT WARNING * * *
You hit the steam dragon.
The steam dragon is severely wounded.
You are engulfed in a cloud of scalding steam.
You die...

### #.. . #.# (.
.##.###### #.#
(#. .........#
#.# #((#
###.####<####.#
.#(#(
#.#...§###.$##((
#.....§§@D...###
###.######......
#.# ..... #.#
.... #.# ### #.#
#.# #.# #.#


You could see a steam dragon (catching breath) and 8 dancing weapons.

Vanquished Creatures
  Sigmund (D:3)
  Edmund (D:4)
  Menkaure (D:4)
  A black bear (D:4)
  A centaur (D:5)
  A scorpion (D:4)
  3 hounds
  An orc priest (D:5)
  2 iguanas (D:5)
  Natasha (D:3)
  6 orc wizards
  4 gnolls (D:5)
  7 adders
  A worm (D:2)
  4 dart slugs
  13 orcs
  6 endoplasms
  5 giant cockroaches
  6 goblins
  4 hobgoblins
  4 jackals (D:4)
  5 kobolds
  2 quokkas (D:1)
  8 ball pythons
  7 bats
  4 frilled lizards
  A rat (D:2)
100 creatures vanquished.

Notes
Turn   | Place    | Note
-------+----------+-------------------------------------------
     0 | D:1      | mattiecakes the Gargoyle Reaver began the quest for the
                  | Orb.
     0 | D:1      | Reached XP level 1. HP: 12/12 MP: 3/3
    26 | D:1      | Reached skill level 3 in Axes
    66 | D:1      | Reached XP level 2. HP: 9/16 MP: 3/5
   483 | D:1      | Reached XP level 3. HP: 21/21 MP: 6/6
   493 | D:1      | Found a faded altar of an unknown god.
   542 | D:1      | Prayed at the altar of an unknown god.
   542 | D:1      | Became a worshipper of Warmaster Okawaru
   542 | D:1      | Reached * piety under Okawaru
   853 | D:2      | Reached skill level 4 in Axes
   873 | D:2      | Reached skill level 1 in Invocations
   889 | D:2      | Reached XP level 4. HP: 20/26 MP: 7/7
  1480 | D:3      | Found the +6 shillelagh "Devastator" {shatter}
  1525 | D:3      | Found a bloodstained altar of Trog.
  1766 | D:3      | Noticed Sigmund
  1772 | D:3      | Killed Sigmund
  1772 | D:3      | Reached ** piety under Okawaru
  1773 | D:3      | Reached skill level 5 in Axes
  1773 | D:3      | Reached XP level 5. HP: 30/30 MP: 5/8
  1773 | D:3      | Reached XP level 6. HP: 35/35 MP: 5/9
  2029 | D:3      | Noticed Natasha
  2037 | D:3      | Killed Natasha
  2357 | D:4      | Noticed a black bear
  2371 | D:4      | Killed a black bear
  2593 | D:4      | Reached XP level 7. HP: 18/40 MP: 10/10
  2705 | D:4      | Noticed Edmund
  2726 | D:4      | Killed Edmund
  2727 | D:4      | Reached skill level 5 in Invocations
  2906 | D:4      | Noticed Menkaure
  2910 | D:4      | Killed Menkaure
  2911 | D:4      | Reached skill level 6 in Axes
  3147 | D:4      | Found an ornate altar of the Wu Jian Council.
  3583 | D:5      | Entered Level 5 of the Dungeon
  3848 | D:5      | Reached *** piety under Okawaru
  3849 | D:5      | Reached XP level 8. HP: 47/48 MP: 11/11
  3888 | D:5      | Reached skill level 7 in Axes
  4225 | D:5      | Reached skill level 5 in Fighting
  4225 | D:5      | Reached skill level 1 in Armour
  4284 | D:5      | Found a sparkling altar of Nemelex Xobeh.
  4494 | D:6      | Noticed a +0 short sword
  4495 | D:6      | Noticed a +0 dagger
  4496 | D:6      | Noticed a +0 spear
  4496 | D:6      | Noticed a +0 short sword
  4496 | D:6      | Noticed a +0 spear
  4496 | D:6      | Noticed a +0 falchion
  4496 | D:6      | Noticed a +0 falchion
  4497 | D:6      | Noticed a +0 dagger
  4505 | D:6      | Engulfed by a steam dragon's steam

Illustrated notes

Levels and vault maps discovered:
D:1:      zaba_arrival_water, layout_basic, dreamdust_ecumenical_altar_statues
D:2:      layout_basic, minmay_tree_intersection
D:3:      layout_basic, amcnicky_altar_gilded, uniq_sigmund, uniq_natasha
D:4:      layout_loops_cross, mainiacjoe_overflow_brackets, uniq_menkaure,
          uniq_edmund
D:5:      layout_basic, nemelex_spade_bored_becter, grunt_decor_one_mirror,
          hangedman_decor_push
D:6:      layout_loops_ring, nicolae_uskayaw_en_pointe

Skill      XL: |  1  2  3  4  5  6  7  8 |
---------------+-------------------------+-----
Axes           | 3 4 5 6 7 |  7.1
Invocations    | 1 3 4 5 |  5.2
Fighting       | 3 5 |  5.0
Armour         | 1 |  1.0
Dodging        | |  1.5
Spellcasting   | |  2.0
Conjurations   | |  3.2

Action                     |  1- 3 |  4- 6 |  7- 9 || total
---------------------------+-------+-------+-------++-------
  Melee: Hand axe          |   102 |    42 |       ||   144
         Punch             |     1 |     2 |     4 ||     7
         War axe           |       |    85 |   149 ||   234
   Cast: Kiss of Death     |     1 |       |       ||     1
 Invoke: Heroism           |       |     3 |     1 ||     4
    Use: Scroll            |       |     2 |     8 ||    10
         Potion            |       |     2 |     2 ||     4
   Stab: Distracted        |       |       |     1 ||     1
 Armour: Leather armour    |    77 |   123 |   102 ||   302
         Scale mail        |       |       |    29 ||    29
  Dodge: Dodged            |    82 |   111 |    89 ||   282

Table legend: (Time is in decaauts)
 A = Elapsed time spent in this place.
 B = Non-inter-level travel time spent in this place.
 C = Inter-level travel time spent in this place.
 D = Time resting spent in this place.
 E = Time spent auto-exploring this place.
 F = Levels seen in this place.
 G = Mean time per level.
                   A        B        C        D        E       F      G
               +--------+--------+--------+--------+--------+-----+--------+
         Total |   4566 |   4387 |    179 |    499 |   3039 |   6 |  761.0 |
       Dungeon |   4566 |   4387 |    179 |    499 |   3039 |   6 |  761.0 |
               +--------+--------+--------+--------+--------+-----+--------+

Top non-repeatable levels by time:
     D:4: 1388 daAuts
     D:3: 906 daAuts
     D:5: 864 daAuts
     D:1: 776 daAuts
     D:2: 601 daAuts
     D:6: 28 daAuts
